 Dungeon Crawl Stone Soup version 0.22-a0-398-g8bb545f (webtiles) character file.

11972 Ijustatesigmund the Cleaver (level 11, -12/81 HPs)
             Began as an Octopode Fighter on May 5, 2018.
             Was a Believer of the Shining One.
             Mangled by a white ugly thing (32 damage)
             ... on level 11 of the Dungeon.
             The game lasted 00:36:14 (14550 turns).

Ijustatesigmund the Cleaver (Octopode Fighter)     Turns: 14550, Time: 00:36:16

Health: -12/81     AC:  4    Str: 15    XL:     11   Next: 86%
Magic:  18/18      EV: 14    Int: 11    God:    the Shining One [**....]
Gold:   364        SH: 24    Dex: 15    Spells: 10/10 levels left

rFire    + . .     SeeInvis .   a - +1 war axe
rCold    . . .     Gourm    .   b - +4 shield
rNeg     + . .     Faith    .   (helmet restricted)
rPois    .         Spirit   .   (no amulet)
rElec    .         Reflect  .   j - +3 ring of protection
rCorr    .         Harm     .   m - ring of protection from magic
MR       +....                  p - ring of protection from fire
Stlth    ++........             (no ring)
HPRegen  0.23/turn              (no ring)
MPRegen  0.16/turn              (no ring)
                                (no ring)
                                (no ring)

@: divine shield, glowing
A: almost no armour, stealthy swim, amphibious, 8 rings, constrict 8, camouflage
1, gelatinous body 1
a: Divine Shield, Renounce Religion


You were on level 11 of the Dungeon.
You worshipped the Shining One.
The Shining One was pleased with you.
You were hungry.

You visited 2 branches of the dungeon, and saw 12 of its levels.

You collected 532 gold pieces.
You spent 168 gold pieces at shops.

Inventory:

Hand Weapons
 a - a +1 war axe (weapon)
Missiles
 e - 16 tomahawks (quivered)
Armour
 b - a +4 shield (worn)
Jewellery
 j - a +3 ring of protection (left tentacle)
 m - a ring of protection from magic (right tentacle)
 p - a ring of protection from fire (on tentacle)
Wands
 l - a wand of iceblast (9)
 u - a wand of scattershot (1)
 y - a wand of paralysis (12)
 A - a wand of flame (15)
Scrolls
 f - 8 scrolls of remove curse
 r - a scroll of fog
 s - a scroll of vulnerability
 x - 2 scrolls of teleportation
Potions
 c - a potion of brilliance
 g - 3 potions of agility
 h - 4 potions of curing
 i - 5 potions of lignification
 k - 3 potions of heal wounds
 n - a potion of degeneration
 o - a potion of berserk rage {unknown}
 q - a potion of mutation {unknown}
 t - a potion of ambrosia {unknown}
 v - a potion of invisibility
 w - a potion of flight {unknown}
 B - a potion of might
Comestibles
 d - 18 rations


   Skills:
 + Level 10.0 Fighting
 + Level 10.7 Axes
 + Level 5.4 Dodging
 - Level 5.5 Stealth
 + Level 5.4 Shields
 - Level 10.2 Invocations


You had 10 spell levels left.
You didn't know any spells.

Dungeon Overview and Level Annotations

Branches:
Dungeon (11/15)            Temple (1/1) D:5            Lair (0/6) D:8
    Orc: D:9-12

Altars:
Ashenzari
Cheibriados
Fedhas
Hepliaklqana
Kikubaaqudgha
Makhleb
Ru
Sif Muna
Trog
Vehumet
Yredelemnul
Zin
The Shining One

Shops:
D:6 !

Annotations:
D:11 Nergalle


Innate Abilities, Weirdness & Mutations

You cannot wear most types of armour.
You are very stealthy in the water. (Stealth+)
You are amphibious.
You can wear up to eight rings at the same time.
You can use your tentacles to constrict eight enemies at once.
Your skin changes colour to match your surroundings (Stealth+).
Your rubbery body absorbs attacks. (AC +1, EV +1)


Message History

The white ugly thing is moderately wounded.
You constrict the white ugly thing.
You block the white ugly thing's attack.
You slash the white ugly thing! You squeeze the white ugly thing!
The white ugly thing is severely wounded.
You constrict the white ugly thing! The white ugly thing kicks you!
The white ugly thing freezes you!!
* * * LOW HITPOINT WARNING * * *
You hit the white ugly thing. You squeeze the white ugly thing.
The white ugly thing is severely wounded.
You constrict the white ugly thing.
You block the white ugly thing's attack.
You hit the white ugly thing.
The white ugly thing is almost dead.
You constrict the white ugly thing!
You block the white ugly thing's attack.
The white ugly thing kicks you.
* * * LOW HITPOINT WARNING * * *
The white ugly thing freezes you!!
You die...

.....#...........#
###'##...........#
...........).....#
.................#
.............(†..#
..............(..#
....uo#####'#.(..#
......#.....#.(.u#
......#.....#().@#
......##...##....####
#+##+#######.(..##..#
#....'....#...#
#....#....#...#
######....#...#
#.........#...#
#.........#...#
#....)....#...#


You could see a white ugly thing.

Vanquished Creatures
  3 two-headed ogres
  An unseen horror (D:10)
  3 gargoyles
  A komodo dragon (D:11)
  3 trolls
  2 hippogriffs
  A shadow (D:9)
  A wyvern (D:8)
  A yak (D:8)
  A spriggan (D:7)
  A wraith (D:11)
  2 basilisks (D:8)
  2 steam dragons
  Grum (D:9)
  A hungry ghost (D:9)
  Menkaure (D:7)
  A water moccasin (D:5)
  11 orc warriors
  A phantom (D:11)
  2 ice beasts
  2 black bears
  2 sky beasts
  4 wolves
  A necrophage (D:6)
  3 ogres
  A crocodile (D:11)
  6 centaurs
  2 big kobolds (D:11)
  9 bullfrogs
  A wyvern zombie (D:2)
  2 scorpions
  5 howler monkeys
  3 wights (D:11)
  3 electric eels (D:9)
  4 crimson imps
  9 orc priests
  A gnoll shaman (D:7)
  6 hounds
  A jelly (D:9)
  An iguana (D:4)
  10 orc wizards
  2 worker ants
  A killer bee zombie (D:7)
  2 hound skeletons
  A howler monkey zombie (D:7)
  A worker ant zombie (D:5)
  Robin (D:4)
  12 adders
  11 gnolls
  An adder zombie (D:9)
  An ooze (D:1)
  6 worms
  A dart slug (D:3)
  7 leopard geckos
  49 orcs
  2 ball pythons
  4 bats
  4 giant cockroaches
  11 goblins
  8 hobgoblins
  11 jackals
  11 kobolds
  4 quokkas
  7 frilled lizards
  A quokka zombie (D:7)
  8 rats
283 creatures vanquished.

Notes
Turn   | Place    | Note
-------+----------+-------------------------------------------
     0 | D:1      | Ijustatesigmund the Octopode Fighter began the quest for the Orb.
     0 | D:1      | Reached XP level 1. HP: 16/16 MP: 1/1
   129 | D:1      | Reached XP level 2. HP: 12/21 MP: 2/2
   137 | D:1      | HP: 1/21 [leopard gecko (3)]
  1067 | D:2      | Reached XP level 3. HP: 24/26 MP: 3/3
  1271 | D:2      | Found a burning altar of Makhleb.
  1298 | D:2      | Reached XP level 4. HP: 9/31 MP: 4/4
  1938 | D:2      | Reached skill level 5 in Axes
  1938 | D:2      | Reached XP level 5. HP: 14/36 MP: 5/5
  2280 | D:2      | Found a blossoming altar of Fedhas.
  2281 | D:2      | Found a bloodstained altar of Trog.
  2281 | D:2      | Found an ancient bone altar of Kikubaaqudgha.
  2651 | D:3      | Found a faded altar of an unknown god.
  2924 | D:3      | Noticed Robin
  2945 | D:4      | Killed Robin
  3035 | D:3      | Reached XP level 6. HP: 28/42 MP: 6/6
  4133 | D:4      | Reached XP level 7. HP: 47/47 MP: 7/7
  4159 | D:4      | Found a sacrificial altar of Ru.
  4598 | D:5      | Entered Level 5 of the Dungeon
  4607 | D:5      | Found a staircase to the Ecumenical Temple.
  4678 | Temple   | Entered the Ecumenical Temple
  4684 | Temple   | Became a worshipper of the Shining One
  4761 | D:5      | Noticed a hippogriff
  4768 | D:5      | Killed a hippogriff
  5236 | D:5      | Reached skill level 1 in Invocations
  5555 | D:6      | Found Zytott's Distillery.
  5559 | D:6      | Bought a potion of curing for 42 gold pieces
  5559 | D:6      | Bought a potion of might for 56 gold pieces
  5559 | D:6      | Bought a potion of heal wounds for 70 gold pieces
  5719 | D:5      | Reached XP level 8. HP: 54/54 MP: 9/9
  6084 | D:5      | Reached skill level 5 in Fighting
  6588 | D:6      | Found a burning altar of Makhleb.
  7087 | D:6      | Reached skill level 5 in Invocations
  7196 | D:7      | Reached XP level 9. HP: 31/62 MP: 11/13
  7427 | D:7      | Found a radiant altar of Vehumet.
  7733 | D:7      | Reached * piety under the Shining One
  8106 | D:7      | Noticed Menkaure
  8119 | D:7      | Killed Menkaure
  8729 | D:8      | Found a staircase to the Lair.
  8795 | D:9      | Noticed a two-headed ogre
  8795 | D:9      | Noticed a two-headed ogre
  9004 | D:8      | You fall through a shaft for 3 floors!
  9004 | D:11     | Noticed a two-headed ogre
  9031 | D:10     | Entered Level 10 of the Dungeon
  9125 | D:10     | Reached XP level 10. HP: 43/71 MP: 15/15
  9275 | D:10     | Noticed an unseen horror
  9280 | D:10     | Killed an unseen horror
  9280 | D:10     | Reached skill level 5 in Stealth
  9379 | D:10     | Noticed a gargoyle
  9395 | D:10     | Killed a gargoyle
  9555 | D:9      | Reached skill level 5 in Dodging
  9555 | D:9      | Reached skill level 5 in Shields
  9560 | D:9      | Noticed Grum
  9829 | D:10     | Noticed a gargoyle
  9837 | D:10     | Killed a gargoyle
  9848 | D:10     | Noticed a two-headed ogre
  9923 | D:10     | Found a glowing silver altar of Zin.
 10007 | D:9      | Reached ** piety under the Shining One
 10812 | D:8      | Found a glowing silver altar of Zin.
 11827 | D:9      | Reached XP level 11. HP: 52/78 MP: 15/17
 11992 | D:9      | Killed a two-headed ogre
 12000 | D:9      | Killed a two-headed ogre
 12180 | D:9      | Reached skill level 10 in Axes
 12188 | D:9      | Killed Grum
 13434 | D:10     | Killed a two-headed ogre
 13434 | D:10     | Reached skill level 10 in Invocations
 13592 | D:11     | Noticed a white ugly thing
 14163 | D:11     | Noticed Nergalle
 14163 | D:11     | Noticed a two-headed ogre
 14525 | D:11     | Reached skill level 10 in Fighting
 14550 | D:11     | Mangled by a white ugly thing

Vault maps used:
D:1:      dpeg_arrival_rhombi
D:2:      nicolae_overflow_crystal_walls, grunt_temple_overflow_open
D:3:      chequers_ecumenical_altar_simple, uniq_robin
D:4:      nicolae_ru_awakened_eye, first_ration
D:5:      minmay_temple_entry_fiery
D:6:      serial_shops, nicolae_shop_stone, makhleb_blood_cavern_becter
D:7:      old_standard_altar, the_bakery, grunt_ministairs_13, uniq_menkaure
D:8:      david_lair_generic, basic_altar
D:9:      kennysheep_big_flooded_room, minmay_fountain_box, grunt_ministairs_11,
          uniq_grum
D:10:     basic_altar
D:11:     hiddenorc1_lemuel, lab_entry_generic, serial_shops,
          nicolae_shop_temple_entry_statues_fountains, uniq_nergalle
Temple:   eino_temple_rhombus

Skill      XL: |  1  2  3  4  5  6  7  8  9 10 11 |
---------------+----------------------------------+-----
Axes           | 3 4 5 6 7 8 9 10 | 10.7
Fighting       | 4 5 7 8 10 | 10.0
Dodging        | 4 5 |  5.4
Shields        | 4 5 |  5.4
Invocations    | 2 5 7 9 10 | 10.2
Stealth        | 5 |  5.5

Action                   |  1- 3 |  4- 6 |  7- 9 | 10-12 || total
-------------------------+-------+-------+-------+-------++-------
Melee: War axe           |    57 |   121 |   211 |   387 ||   776
       Constrict         |    13 |    34 |    37 |    73 ||   157
       Tentacles         |     9 |    20 |    58 |    88 ||   175
Throw: Tomahawk          |       |    12 |     3 |     7 ||    22
Invok: Divine Shield     |       |       |       |    13 ||    13
Evoke: Wand              |       |       |     6 |    21 ||    27
  Use: Scroll            |     5 |     3 |     4 |     8 ||    20
       Potion            |     1 |     5 |     4 |     2 ||    12
 Stab: Sleeping          |     4 |     5 |     1 |       ||    10
       Distracted        |     1 |     2 |       |       ||     3
  Eat: Chunk             |     1 |     6 |     5 |    15 ||    27
       Ration            |       |     1 |     3 |     1 ||     5
Armor: Skin              |     4 |    14 |    28 |    20 ||    66
Dodge: Dodged            |    32 |    33 |    96 |   137 ||   298
Block: Shield            |    28 |    63 |   125 |   291 ||   507

Table legend:
 A = Spawn XP
 B = Non-spawn XP
 C = Spawn XP percentage of total XP
 D = Spawn monster count
 E = Non-spawn monster count
 F = Spawn count percentage of total count
 G = Total turns spent on level
                    A         B        C        D         E        F      G
               +---------+---------+-------+---------+---------+-------+---------
         Total |       0 |   17104 |   0.0 |       0 |     283 |   0.0 | 14550
               +---------+---------+-------+---------+---------+-------+---------
           D:1 |       0 |      32 |   0.0 |       0 |      15 |   0.0 |  1334
           D:2 |       0 |     151 |   0.0 |       0 |      18 |   0.0 |  1268
           D:3 |       0 |     125 |   0.0 |       0 |      38 |   0.0 |   700
           D:4 |       0 |     419 |   0.0 |       0 |      21 |   0.0 |  1296
           D:5 |       0 |     906 |   0.0 |       0 |      12 |   0.0 |  1757
           D:6 |       0 |     519 |   0.0 |       0 |      12 |   0.0 |   759
           D:7 |       0 |    1205 |   0.0 |       0 |      27 |   0.0 |  1209
           D:8 |       0 |    1994 |   0.0 |       0 |      22 |   0.0 |  1511
           D:9 |       0 |    4448 |   0.0 |       0 |      41 |   0.0 |  1902
          D:10 |       0 |    4043 |   0.0 |       0 |      24 |   0.0 |  1785
          D:11 |       0 |    3262 |   0.0 |       0 |      53 |   0.0 |  1016
               +---------+---------+-------+---------+---------+-------+---------
